 Dungeon Crawl Stone Soup version 0.30-a0-696-g2367cd04db (webtiles) character file.

Game seed: 13899106772221755274

125 OTABOTABOTAB the Conjurer (level 4, 0/24 HPs)
             Began as a Deep Elf Conjurer on Jan 21, 2023.
             Slain by an ogre
             ... wielding a +0 giant club
              (24 damage)
             ... on level 4 of the Dungeon.
             The game lasted 00:04:12 (2704 turns).

OTABOTABOTAB the Conjurer (Deep Elf Conjurer)       Turns: 2704, Time: 00:04:12

Health: 0/24       AC:  2    Str:  4    XL:     4   Next: 82%
Magic:  12/12      EV: 12    Int: 25    God:
Gold:   107        SH:  0    Dex: 13    Spells: 1/12 levels left

rFire   . . .      SeeInvis .    j - staff of death {rN+}
rCold   . . .      Faith    .    (no shield)
rNeg    + . .      Spirit   .    a - +0 robe
rPois   .          Reflect  .    (no helmet)
rElec   .          Harm     .    (no cloak)
rCorr   .          Rampage  .    (no gloves)
Will    .....                    (no boots)
Stlth   ++                       (no amulet)
HPRegen 0.24/turn                Q - +4 ring of slaying
MPRegen 0.13/turn                (no ring)

@: no status effects
A: no striking features
a: no special abilities


You were on level 4 of the Dungeon.
You visited 1 branch of the dungeon, and saw 4 of its levels.

You collected 107 gold pieces.

Inventory:

Hand Weapons
 b - a +1 club
   (You took it off a goblin on level 1 of the Dungeon)
Missiles
 h - 4 poisoned darts
 i - 6 atropa-tipped darts
 s - 18 stones
Armour
 a - a +0 robe (worn)
Magical Staves
 j - a staff of death (weapon) {rN+}
   (You found it on level 2 of the Dungeon)
Jewellery
 Q - a +4 ring of slaying (left hand)
   (You found it on level 2 of the Dungeon)
Wands
 y - a wand of mindburst (12)
   (You found it on level 3 of the Dungeon)
Scrolls
 g - 2 scrolls of amnesia
 X - a scroll of magic mapping {@r4!r}
Potions
 c - 2 potions of heal wounds {unknown}
 d - 2 potions of attraction {unknown}
 e - a potion of invisibility {unknown}
 f - a potion of cancellation {unknown}
 k - a potion of flight {unknown}
 M - 3 potions of magic
 P - 2 potions of lignification {!q}


   Skills:
 - Level 2.4 Dodging
 - Level 2.4 Stealth
 + Level 4.5 Spellcasting
 * Level 6.1 Conjurations
 + Level 0.2 Hexes
 + Level 0.1 Translocations


You had one spell level left.
You knew the following spells:

 Your Spells              Type           Power      Damage    Failure   Level
a - Magic Dart            Conj           100%       1d8       1%          1
b - Searing Ray           Conj           72%        2d7       1%          2
c - Fulminant Prism       Conj/Hex       10%        3d8       22%         4
x - Iskenderun's Mystic   Conj/Tloc      21%        2d6       24%         4

Your spell library contained the following spells:

 Spells                   Type           Power      Damage    Failure   Level
 Dazzling Flash           Conj/Hex       42%        N/A       7%          3
 Ensorcelled Hibernation  Hex/Ice        12%        N/A       12%         2
 Passwall                 Tmut/Erth      4%         N/A       13%         2
 Sticky Flame             Conj/Fire      21%        2d4       24%         4
 Ignite Poison            Fire/Tmut/Pois 5%         N/A       26%         3
 Swiftness                Air            5%         N/A       26%         3
 Alistair's Intoxication  Tmut/Pois      3%         N/A       94%         5
 Borgnjor's Revivificati  Necr           4%         N/A       100%        8
 Ignition                 Fire           2%         3d3       100%        8
 Necromutation            Tmut/Necr      4%         N/A       100%        8
 Death's Door             Necr           4%         N/A       100%        9


Dungeon Overview and Level Annotations

Branches:
Dungeon (4/15)             Temple (0/1) D:4

Altars:
Dithmenos


Message History

You see here a +0 dagger.
c - 2 scrolls labelled HEMUISIALA (gained 1)
You pick up a book of Burglary and begin reading...
You add the spells Passwall, Ensorcelled Hibernation and Swiftness to your library.
MP restored: 12 Unknown command.
You see here a +0 ring mail.
You see here a +0 short sword.
You see here a +0 leather armour.
Found an escape hatch in the floor.
There is an escape hatch in the floor here.
Found an escape hatch in the ceiling.
s - 18 stones (gained 3)
h - 2 poisoned darts You open the door.
There is an open door here.
You open the door.
There is an open door here.
k - a scroll labelled XAIHEQ PUKOM
Found a stone staircase leading down.
You pick up a Necronomicon and begin reading...
You add the spells Borgnjor's Revivification and Death's Door to your library.
You open the door.
Found a stone staircase leading down.
A frilled lizard comes into view.
The magic dart hits the frilled lizard.
You kill the frilled lizard!
You now have 11/12 mp.
No target in view!
No target in view!
You see here a +0 mace.
g - 2 scrolls of amnesia (gained 1)
h - 4 poisoned darts (gained 2) MP restored: 12
There is a stone staircase leading down here.
You open the door.
There is an open door here.
You open the door.
There is an open door here.
There is an open door here.
You open the door.
There is an open door here.
Done exploring.
Done exploring.
Done exploring.
Okay, then.
As you read the scroll labelled HEMUISIALA, it crumbles to dust.
You feel momentarily disoriented.
It was a scroll of magic mapping.
X - a scroll of magic mapping
As you read the scroll labelled XAIHEQ PUKOM, it crumbles to dust.
The air around you briefly surges with heat, but it dissipates.
It was a scroll of immolation.
Unknown command.
Unknown command.
Okay, then.
Unknown command.
Okay, then.
Unknown command.
Done exploring.
Done exploring.
(D) Dungeon
Where to? (Enter - D:3, ? - help)
There is a stone staircase leading down here.
You climb downwards.
Found 2 fizzy pink potions and a fizzy inky potion.
Found a stone staircase leading down.
There is a stone staircase leading up here.
Search for what [? for help]? altar Unknown command.
Unknown command.
c - 2 fizzy pink potions
k - a fizzy inky potion As you open the door, it creaks loudly!
There is an open door here.
You now have 107 gold pieces (gained 10).
A giant cockroach comes into view.
The magic dart hits the giant cockroach but does no damage.
You now have 11/12 mp.
The magic dart hits the giant cockroach.
You kill the giant cockroach!
You now have 10/12 mp.
No target in view!
No target in view!
Found a staircase to the Ecumenical Temple.
An endoplasm comes into view.
Okay, then.
Unknown command.
Okay, then.
Okay, then.
The endoplasm moves out of view.
MP restored: 12 The ogre shouts!
As you read the scroll of summoning, it crumbles to dust.
Wisps of shadow whirl around you... The ogre misses you.
You swap places.
Your orc hits the ogre with a +0 dagger.
The ogre attacks as you move away!
The ogre hits you with a +0 giant club!!
Ouch! That really hurt!
You die...

.8.8.8..# #
.⌠.⌠.⌠..#. .#
..J...... ...
.>.... .?.. ...#
....#
######J##.....#
##..##S......(..
+....Ooo........
#...@.o.........
###'###.##.##[.#
#######..###+#
.# .#
#....>....# .. .
+.........+ .#
#....<....# .#
#.........#
#.........#
###.###..##


You could see an ogre (ally target), an endoplasm, 3 friendly orcs and a
friendly ball python (summoned).

Vanquished Creatures
  An adder (D:3)
  4 gnolls (D:3)
  2 worms (D:2)
  2 dart slugs
  An orc (D:3)
  5 ball pythons
  4 bats (D:1)
  5 endoplasms
  5 giant cockroaches
  2 hobgoblins
  10 jackals
  6 kobolds
  A quokka (D:2)
  6 frilled lizards
  5 goblins
  6 rats
65 creatures vanquished.

Notes
Turn   | Place    | Note
-------+----------+-------------------------------------------
     0 | D:1      | OTABOTABOTAB the Deep Elf Conjurer began the quest for the
                  | Orb.
     0 | D:1      | Reached XP level 1. HP: 10/10 MP: 6/6
   140 | D:1      | Reached XP level 2. HP: 15/15 MP: 5/8
   143 | D:1      | Learned a level 2 spell: Searing Ray
   357 | D:1      | Reached skill level 5 in Conjurations
   496 | D:1      | Reached XP level 3. HP: 19/19 MP: 5/10
  1041 | D:2      | Got Qauzit's Secrets of the Switch
  1048 | D:2      | Found a faded altar of an unknown god.
  1066 | D:2      | Reached skill level 4 in Spellcasting
  1399 | D:2      | Found a shadowy altar of Dithmenos.
  1534 | D:3      | Reached XP level 4. HP: 24/24 MP: 8/12
  1548 | D:3      | Reached skill level 6 in Conjurations
  1755 | D:3      | Learned a level 4 spell: Fulminant Prism
  1760 | D:3      | Learned a level 4 spell: Iskenderun's Mystic Blast
  2698 | D:4      | Found a staircase to the Ecumenical Temple.
  2699 | D:4      | Noticed an ogre
  2704 | D:4      | Slain by an ogre

Illustrated notes

Levels and vault maps discovered:
D:1:      lightli_arrival_boilingwater, layout_rooms
D:2:      layout_rooms, dreamdust_ecumenical_altar_statues, basic_altar
D:3:      layout_basic, minmay_misc_feat_columns
D:4:      layout_gridville, minmay_temple_entry_drinking_statues, serial_shops,
          shop_statue, uniq_ijyb

Skill      XL: |  1  2  3  4 |
---------------+-------------+-----
Conjurations   | 5 6 |  6.1
Spellcasting   | 4 |  4.5
Dodging        | |  2.4
Stealth        | |  2.4
Hexes          | |  0.2
Translocations | |  0.1

Action                   |  1- 3 |  4- 6 || total
-------------------------+-------+-------++-------
Melee: Club              |     7 |       ||     7
 Cast: Magic Dart        |    93 |    18 ||   111
       Searing Ray       |       |     2 ||     2
  Use: Scroll            |       |     8 ||     8
Armor: Robe              |     2 |       ||     2
Dodge: Dodged            |    11 |     3 ||    14

Table legend: (Time is in decaauts)
 A = Elapsed time spent in this place.
 B = Non-inter-level travel time spent in this place.
 C = Inter-level travel time spent in this place.
 D = Time resting spent in this place.
 E = Time spent auto-exploring this place.
 F = Levels seen in this place.
 G = Mean time per level.
                   A        B        C        D        E       F      G
               +--------+--------+--------+--------+--------+-----+--------+
         Total |   2705 |   2661 |     44 |     83 |   2310 |   4 |  676.2 |
       Dungeon |   2705 |   2661 |     44 |     83 |   2310 |   4 |  676.2 |
               +--------+--------+--------+--------+--------+-----+--------+

Top non-repeatable levels by time:
     D:3: 1143 daAuts
     D:2: 772 daAuts
     D:1: 749 daAuts
     D:4: 40 daAuts

Table legend:
 A = Kills in this place as a percentage of kills in entire the game.
 B = Kills by you in this place as a percentage of kills by you in the entire game.
 C = Kills by friends in this place as a percentage of kills by friends in the entire game.
 D = Other kills in this place as a percentage of other kills in the entire game.
 E = Experience gained in this place as a percentage of experience gained in the entire game.
 F = Experience gained in this place divided by the number of levels of this place that you have seen.
                   A       B       C       D       E      F
               +-------+-------+-------+-------+-------+----------------------
         Total | 100.0 | 100.0 |   N/A |   N/A | 100.0 |  44.8
       Dungeon | 100.0 | 100.0 |   N/A |   N/A | 100.0 |  44.8
               +-------+-------+-------+-------+-------+----------------------
